 Dungeon Crawl Stone Soup version 0.29-a0-275-g389c0b56f3 (webtiles) character file.

Game seed: 17703093882113250325

175350 Ijustatesigmund the Severer (level 17, -21/162 HPs)
             Began as a Minotaur Fighter on Mar 10, 2022.
             Was a High Priest of the Shining One.
             Succumbed to a green very ugly thing's poison
             ... on level 1 of the Depths.
             The game lasted 01:07:50 (33982 turns).

Ijustatesigmund the Severer (Minotaur Fighter)     Turns: 33982, Time: 01:07:50

Health: -21/162    AC: 20    Str: 28    XL:     17   Next: 47%
Magic:  24/24      EV: 18    Int:  9    God:    the Shining One [*****.]
Gold:   2436       SH: 23    Dex: 13    Spells: 16/16 levels left

rFire   . . .      SeeInvis +   a - +5 broad axe (vorpal)
rCold   . . .      Faith    .   c - +0 kite shield
rNeg    + + .      Spirit   .   b - +2 plate armour {rPois}
rPois   +          Reflect  .   K - +0 hat {SInv}
rElec   .          Harm     .   j - +2 cloak
rCorr   .          Rampage  .   y - +1 pair of gloves
Will    +....                   k - +1 pair of boots
Stlth   ..........              (no amulet)
HPRegen 0.00/turn               H - +4 ring of evasion
MPRegen 0.19/turn               U - ring "Fycser" {EV+4 Str+4 Int+4}

@: lethally poisoned (-21 -> -135), divinely shielded, about to teleport,
spiked, inhibited regen, slowed, glowing, studying Axes, very slow
A: horns 2, retaliatory headbutt, deformed body, deterioration 1, low MP 1,
inhibited regeneration, weak 1
a: Renounce Religion, Divine Shield, Cleansing Flame, Summon Divine Warrior


You were on level 1 of the Depths.
You worshipped the Shining One.
The Shining One was extremely pleased with you.
You visited 5 branches of the dungeon, and saw 25 of its levels.
You visited 1 bazaar.
You also visited: Ossuary and Bailey.

You collected 3858 gold pieces.
You spent 1422 gold pieces at shops.

Inventory:

Hand Weapons
 a - a +5 vorpal broad axe (weapon)
 q - the +4 flail "Ricaih" {antimagic, rC+++ Will- Dex+3}
   (You found it on level 7 of the Dungeon)

   It reduces the magical energy of the wielder, and disrupts the spells and
   magical abilities of those it strikes.
   Natural abilities and divine invocations are not affected.
   Dex:       It affects your dexterity (+3).
   rC:        It renders you almost immune to cold.
   Will:      It decreases your willpower.
Missiles
 e - a throwing net (quivered)
 R - 5 silver javelins
Armour
 b - a +2 plate armour of poison resistance (worn)
 c - a +0 kite shield (worn)
 j - a +2 cloak (worn)
 k - a +1 pair of boots (worn)
 y - a +1 pair of gloves (worn)
 I - +0 ice dragon scales
 K - a +0 hat of see invisible (worn)
 O - a scarf of resistance
Jewellery
 d - a +4 ring of protection
 p - a ring of positive energy
 H - a +4 ring of evasion (left hand)
 J - a ring of poison resistance
 N - the ring "Ilysa" {rElec rN+ MP-9 Str+2}
   (You found it on level 4 of the Lair of Beasts)

   [ring of positive energy]

   Str:       It affects your strength (+2).
   rElec:     It insulates you from electricity.
   rN:        It protects you from negative energy.
   MP:        It affects your magic capacity (-9).
 S - a ring of resist corrosion
 U - the ring "Fycser" (right hand) {EV+4 Str+4 Int+4}
   (You found it on level 15 of the Dungeon)

   [ring of evasion]

   EV:        It affects your evasion (+4).
   Str:       It affects your strength (+4).
   Int:       It affects your intelligence (+4).
Wands
 h - a wand of acid (5)
 n - a wand of iceblast (7)
 r - a wand of flame (17)
 A - a wand of digging (13)
 B - a wand of mindburst (2)
 M - a wand of charming (11)
Scrolls
 f - 7 scrolls of teleportation
 m - 3 scrolls of enchant armour
 s - 2 scrolls of amnesia
 v - 3 scrolls of immolation
 C - 10 scrolls of identify
 D - a scroll of holy word
 P - 2 scrolls of fog
 Q - a scroll of brand weapon
Potions
 g - 3 potions of resistance
 i - 16 potions of curing
 l - 5 potions of mutation
 o - 6 potions of haste
 t - 6 potions of might
 w - 6 potions of brilliance
 x - 3 potions of attraction
 z - 4 potions of heal wounds
 E - 2 potions of ambrosia
 F - 5 potions of cancellation
 G - a potion of magic
 L - 5 potions of lignification


   Skills:
 - Level 17.4 Fighting
 + Level 20.6 Axes
 - Level 2.1 Throwing
 - Level 10.8 Armour
 - Level 8.6 Dodging
 - Level 9.9 Shields
 - Level 14.7 Invocations
 - Level 10.1 Evocations


You had 16 spell levels left.
You didn't know any spells.
Your spell library contained the following spells:

 Spells                   Type           Power      Damage    Failure   Level
 Animate Skeleton         Necr           0%         N/A       100%        1
 Apportation              Tloc           0%         N/A       100%        1
 Magic Dart               Conj           0%         1d3       100%        1
 Pain                     Necr           0%         1d4       100%        1
 Sting                    Tmut/Pois      0%         1d3       100%        1
 Summon Small Mammal      Summ           0%         N/A       100%        1
 Blink                    Tloc           0%         N/A       100%        2
 Call Imp                 Summ           0%         N/A       100%        2
 Dazzling Flash           Conj/Hex       0%         N/A       100%        3
 Frozen Ramparts          Ice            0%         1d2       100%        3
 Ignite Poison            Fire/Tmut/Pois 0%         N/A       100%        3
 Inner Flame              Hex/Fire       0%         N/A       100%        3
 Lesser Beckoning         Tloc           0%         N/A       100%        3
 Mephitic Cloud           Conj/Pois/Air  0%         N/A       100%        3
 Stone Arrow              Conj/Erth      0%         3d7       100%        3
 Vampiric Draining        Necr           0%         2d6       100%        3
 Animate Armour           Summ/Erth      0%         N/A       100%        4
 Cause Fear               Hex            0%         N/A       100%        4
 Fulminant Prism          Conj/Hex       0%         3d6       100%        4
 Ice Form                 Ice/Tmut       0%         N/A       100%        4
 Iskenderun's Mystic Bla  Conj/Tloc      0%         2d3       100%        4
 Leda's Liquefaction      Hex/Erth       0%         N/A       100%        4
 Passage of Golubria      Tloc           0%         N/A       100%        4
 Petrify                  Tmut/Erth      0%         N/A       100%        4
 Summon Ice Beast         Ice/Summ       0%         N/A       100%        4
 Agony                    Necr           0%         N/A       100%        5
 Fireball                 Conj/Fire      0%         3d3       100%        5
 Freezing Cloud           Conj/Ice/Air   0%         6-21      100%        5
 Iskenderun's Battlesphe  Conj           0%         2d6       100%        5
 Lee's Rapid Deconstruct  Erth           0%         3d5*      100%        5
 Manifold Assault         Tloc           0%         N/A       100%        5
 Metabolic Englaciation   Hex/Ice        0%         N/A       100%        5
 Silence                  Hex/Air        0%         N/A       100%        5
 Summon Forest            Summ/Tloc      0%         N/A       100%        5
 Summon Mana Viper        Hex/Summ       0%         N/A       100%        5
 Conjure Ball Lightning   Conj/Air       0%         3x3d6     100%        6
 Statue Form              Tmut/Erth      0%         N/A       100%        6
 Summon Cactus Giant      Summ           0%         N/A       100%        6
 Dragon Form              Tmut           0%         N/A       100%        7
 Malign Gateway           Summ/Tloc      0%         N/A       100%        7
 Orb of Destruction       Conj           0%         9d5       100%        7
 Discord                  Hex            0%         N/A       100%        8
 Lehudib's Crystal Spear  Conj/Erth      0%         10d2      100%        8
 Summon Horrible Things   Summ           0%         N/A       100%        8
 Dragon's Call            Summ           0%         N/A       100%        9


Dungeon Overview and Level Annotations

Branches:
Dungeon (15/15)            Temple (1/1) D:7            Lair (6/6) D:11
 Shoals (0/4) Lair:4       Spider (0/4) Lair:4        Slime (0/5) Lair:5
    Orc (2/2) D:11            Elf (0/3) Orc:2        Vaults (0/5) D:14
 Depths (1/4) D:15        Ossuary (visited)          Bailey (visited)

Altars:
Ashenzari
Cheibriados
Dithmenos
Elyvilon
Fedhas
Gozag
Hepliaklqana
Kikubaaqudgha
Makhleb
Nemelex Xobeh
Okawaru
Qazlal
Ru
Sif Muna
Trog
Uskayaw
Vehumet
Wu Jian
Xom
Yredelemnul
Zin
The Shining One
Beogh
Jiyva

Shops:
D:8 *   D:10 [   D:14 *   Orc:2 ?[*[(

Portals:
Trove: D:11 (give 17 scrolls of teleportation)

Annotations:
D:6 3 runed translucent doors, Pinguinius's ghost, novice MiFi; altcumming's ghost, weakling OpDe; goodpuss's ghost, novice OpMo


Innate Abilities, Weirdness & Mutations

You have a pair of horns on your head.
You reflexively headbutt those who attack you in melee.
Armour fits poorly on your strangely shaped body.
Your body sometimes deteriorates upon taking damage.
Your magical capacity is low. (-10% MP)
You do not regenerate when monsters are visible.
You are weak. (Str -2)


Message History

An orange demon comes into view.
The red devil drinks a potion.
The red devil flickers and vanishes for a moment.
The cacodemon hits you! x2
A floating eye comes into view.
The green very ugly thing trunk-slaps you!
As you read the scroll of teleportation, it crumbles to dust.
You feel strangely unstable.
The floating eye turns its gaze towards you.
You block the spark wasp's attack.
The red devil hits you from afar with a +0 trident!
Barbed spikes become lodged in your body.
The rakshasa weaves an illusion.
The red devil shimmers and seems to become two!
The cacodemon gestures at you.
You feel as though you will be slow longer.
The floating eye's stare focuses on you.
The reaper hits you from afar with a +3 scythe of flaming!!
The reaper burns you. The spark wasp stings you! The spark wasp shocks you!
* * * LOW HITPOINT WARNING * * *
The green very ugly thing trunk-slaps you!
* * * LOW HITPOINT WARNING * * *
You are lethally poisoned!
The green very ugly thing poisons you! The cacodemon gestures at you.
Strange energies course through your body.
You feel weaker. The red devil completely misses you.
The ettin barely misses you. You furiously retaliate!
You headbutt the ettin!! You block the ettin's attack.
The reaper shouts, "I have come for you, Ijustatesigmund!"
The reaper hits you from afar with a +3 scythe of flaming!!
The Shining One protects you from harm! The reaper burns you!
* * * LOW HITPOINT WARNING * * *
Okay, then.
Okay, then.
Blink to where?
Press: ? - help, Dir - move target
As you read the scroll of blinking, it crumbles to dust.
You die...

+..G#.#C.........#
###..u..u§2.......#
.#...R42y#.....≈≈.#
......34.......≈≈.#
##....##.#........#
#'''####'........#
8...8# ##........#
..)..3.. ####...###
.8...83... #...@.#
......$.8$ ##...#.#
...8$..... #....#.#
8.3§..8.$. ##...#.#
#.>.#.# #...#.#
#...#.#
#...#.##########
#..............


You could see a cacodemon.

Vanquished Creatures
  Saint Roka (Orc:2)
  Rupert (Lair:6)
  Gastronok (D:12)
  Kirke (D:14)
  Roxanne (D:15)
  A cacodemon (Depths:1)
  A fire giant (Depths:1)
  An orc warlord (Orc:1)
  The ghost of dricus the Bludgeoner, a journeyman GrFi of Cheibriados (D:11)
  Nessos (D:12)
  3 stone giants (Depths:1)
  A vampire knight (Depths:1)
  A minotaur (Lair:5)
  A fire dragon (D:14)
  A great orb of eyes (D:14)
  An ettin (D:14)
  An ice dragon (Depths:1)
  2 rakshasas
  14 centaur warriors
  3 catoblepae
  A spriggan air mage (Depths:1)
  3 boulder beetles
  9 hydras
  An ogre mage (D:14)
  6 two-headed ogres
  4 orc high priests
  5 tengu warriors
  A spriggan berserker (Depths:1)
  6 death yaks (Lair:4)
  A soul eater (Depths:1)
  2 hell knights
  3 sun demons (Depths:1)
  Amaemon (Lair:4)
  2 fire crabs
  A sixfirhy (Depths:1)
  An orb spider (Lair:4)
  A flayed ghost (Depths:1)
  4 orc knights
  4 deep elf pyromancers
  10 ugly things
  A wizard (D:15)
  6 orc sorcerers
  10 manticores
  7 cyclopes
  6 black mambas
  13 elephants
  7 cane toads
  An orange demon (Lair:4)
  3 gargoyles
  A smoke demon (Depths:1)
  13 rime drakes
  Psyche (D:8)
  A kobold demonologist (D:11)
  2 unseen horrors
  A freezing wraith (D:14)
  A yaktaur (shapeshifter) (D:9)
  15 komodo dragons
  An ice devil (Depths:1)
  2 efreet (D:14)
  3 tengu conjurers
  A yaktaur (D:15)
  A meliai (shapeshifter) (D:14)
  A queen bee (Lair:2)
  13 polar bears
  6 trolls
  12 hornets
  7 meliai
  A wind drake (Lair:4)
  10 slime creatures
  14 blink frogs
  7 dream sheep
  2 vampires
  2 shadows
  63 yaks
  3 water elementals (D:14)
  2 wraiths
  15 spriggans
  4 centaur simulacra (D:14)
  20 basilisks
  3 hogs (D:14)
  16 humans
  3 vampire mosquitoes
  13 wyverns
  4 steam dragons
  A neqoxec (Depths:1)
  4 wargs (Orc:1)
  19 water moccasins
  2 acid dragons
  A hell hound (Lair:4)
  5 ice beasts
  2 sky beasts
  32 orc warriors
  A black bear (D:6)
  A tengu (shapeshifter) (D:14)
  9 ogres
  12 centaurs
  32 wolves
  3 boggarts (Lair:6)
  2 phantoms (D:5)
  An elf zombie (Ossuary)
  5 kobold brigands
  2 necrophages
  2 gnoll sergeants
  6 bullfrogs
  A scorpion (D:4)
  18 killer bees
  A howler monkey (D:10)
  10 electric eels
  A lava snake (D:13)
  18 orc priests
  3 jellies
  Crazy Yiuf (D:2)
  A gnoll shaman (Lair:6)
  5 hounds
  4 iguanas
  26 orc wizards
  14 hell rats
  2 mummies (Ossuary)
  22 gnolls
  7 adders
  A shadow imp (D:7)
  3 white imps
  An ufetubus (D:6)
  An adder zombie (Ossuary)
  3 worms
  5 dart slugs
  106 orcs
  5 bats
  3 endoplasms
  A giant cockroach (D:2)
  9 goblins
  7 hobgoblins
  3 jackals (D:4)
  4 quokkas
  11 ball pythons
  5 frilled lizards
  A goblin zombie (Ossuary)
  14 hobgoblin zombies (Ossuary)
  A jackal zombie (Ossuary)
  19 kobolds
  11 kobold zombies (Ossuary)
  7 orc zombies (Ossuary)
  6 rats
  A rat zombie (Ossuary)
926 creatures vanquished.

Vanquished Creatures (others)
  A fire giant (Depths:1)
  2 orcs
  2 bushes
  31 fungi
  140 plants
176 creatures vanquished.

Grand Total: 1102 creatures vanquished

Notes
Turn   | Place    | Note
-------+----------+-------------------------------------------
     0 | D:1      | Ijustatesigmund the Minotaur Fighter began the quest for
                  | the Orb.
     0 | D:1      | Reached XP level 1. HP: 19/19 MP: 0/0
   100 | D:1      | Found a faded altar of an unknown god.
   106 | D:1      | Reached XP level 2. HP: 26/27 MP: 1/1
   180 | D:1      | Reached skill level 3 in Axes
   206 | D:1      | Reached skill level 1 in Dodging
   430 | D:1      | You fall into a shaft and drop 1 floor!
   435 | D:2      | Reached XP level 3. HP: 33/33 MP: 2/2
   522 | D:2      | Reached skill level 4 in Axes
   669 | D:2      | Reached XP level 4. HP: 40/41 MP: 3/3
  1701 | D:2      | Found a runed translucent door.
  1702 | D:2      | Noticed Crazy Yiuf
  1707 | D:2      | Killed Crazy Yiuf
  2175 | D:3      | Reached XP level 5. HP: 47/47 MP: 4/4
  2180 | D:3      | Reached skill level 5 in Axes
  2364 | D:3      | Found a shimmering blue altar of Sif Muna.
  2365 | D:3      | Found an ancient bone altar of Kikubaaqudgha.
  2366 | D:3      | Found a radiant altar of Vehumet.
  2371 | D:3      | Got Sif Muna's Almanac of Shape Shifting
  2742 | D:3      | Identified the +4 ring mail of the Orb {Harm rPois}
  2786 | D:3      | Reached skill level 5 in Fighting
  3334 | D:4      | Reached XP level 6. HP: 52/56 MP: 5/5
  3855 | D:4      | Reached skill level 6 in Axes
  4625 | D:5      | Entered Level 5 of the Dungeon
  4786 | D:5      | Noticed a +0 dagger
  4787 | D:5      | Found a hide-covered altar of Uskayaw.
  4787 | D:5      | Noticed a +0 dagger
  4974 | D:5      | Noticed an ice beast
  4980 | D:5      | Killed an ice beast
  4981 | D:5      | Reached skill level 5 in Armour
  4981 | D:5      | Reached XP level 7. HP: 52/62 MP: 6/6
  4986 | D:5      | Reached skill level 7 in Axes
  5894 | D:5      | Reached skill level 8 in Axes
  5998 | D:6      | Reached XP level 8. HP: 73/73 MP: 7/7
  6434 | D:6      | Reached skill level 9 in Axes
  6492 | D:6      | Found a runed translucent gate.
  6492 | D:6      | Found a runed translucent gate.
  6492 | D:6      | Found a runed translucent gate.
  6493 | D:6      | Noticed goodpuss's ghost (novice OpMo)
  6493 | D:6      | Noticed Pinguinius's ghost (novice MiFi)
  6494 | D:6      | Noticed altcumming's ghost (weakling OpDe)
  6591 | D:6      | Found a bloodstained altar of Trog.
  6601 | D:6      | Found a burning altar of Makhleb.
  6603 | D:6      | Found a shimmering altar of Xom.
  6603 | D:6      | Found a broken altar of Ashenzari.
  6603 | D:6      | Found an ornate altar of the Wu Jian Council.
  6605 | D:6      | Found a shadowy altar of Dithmenos.
  6607 | D:6      | Found a white marble altar of Elyvilon.
  6914 | D:7      | Identified the +4 flail "Ricaih" {antimagic, rC+++ Will-
                  | Dex+3}
  7187 | D:7      | Reached skill level 10 in Axes
  7341 | D:7      | Reached XP level 9. HP: 83/83 MP: 8/8
  7392 | D:7      | Found a staircase to the Ecumenical Temple.
  7413 | Temple   | Entered the Ecumenical Temple
  7650 | Temple   | Became a worshipper of the Shining One
  7732 | D:7      | Noticed a cyclops
  7737 | D:7      | Killed a cyclops
  7891 | D:8      | Reached skill level 10 in Fighting
  8089 | D:8      | Found a sand-covered staircase.
  8095 | Ossuary  | Entered an ossuary
  8107 | Ossuary  | Reached * piety under the Shining One
  8149 | Ossuary  | Reached ** piety under the Shining One
  8234 | Ossuary  | Reached *** piety under the Shining One
  8296 | Ossuary  | Reached skill level 11 in Axes
  8628 | D:8      | Found Gixkann's General Store.
  8645 | D:8      | Bought a +2 plate armour of poison resistance for 407 gold
                  | pieces
  8790 | D:8      | Noticed Psyche
  8803 | D:8      | Killed Psyche
  8804 | D:8      | Reached XP level 10. HP: 94/94 MP: 12/12
  9234 | D:9      | Reached skill level 5 in Invocations
  9310 | D:9      | Reached skill level 5 in Shields
  9318 | D:9      | Reached **** piety under the Shining One
  9354 | D:9      | Noticed a centaur warrior
  9365 | D:9      | Killed a centaur warrior
  9384 | D:9      | Reached skill level 5 in Dodging
  9433 | D:9      | Noticed a two-headed ogre
  9439 | D:9      | Killed a two-headed ogre
  9440 | D:9      | Reached XP level 11. HP: 50/101 MP: 14/14
  9516 | D:9      | Noticed a two-headed ogre
  9522 | D:9      | Killed a two-headed ogre
  9660 | D:9      | Noticed a six-headed hydra
  9743 | D:9      | Killed a six-headed hydra
 10323 | D:10     | Entered Level 10 of the Dungeon
 10339 | D:10     | Found a flagged portal.
 10375 | Bailey   | Entered a bailey
 10496 | Bailey   | Noticed an orc knight
 10512 | Bailey   | Killed an orc knight
 10784 | D:10     | Acquired a +2 vorpal broad axe
 10932 | D:10     | Noticed a four-headed hydra
 10942 | D:10     | Killed a four-headed hydra
 10943 | D:10     | Reached skill level 1 in Evocations
 11055 | D:10     | Reached skill level 12 in Axes
 11595 | D:10     | Found Vocelel's Superior Scales.
 11633 | D:11     | Found a runed translucent door.
 11662 | D:11     | Found a portal to a secret trove of treasure.
 11842 | D:11     | Reached XP level 12. HP: 111/111 MP: 17/17
 11862 | D:11     | Noticed a two-headed ogre
 11867 | D:11     | Killed a two-headed ogre
 11946 | D:11     | Noticed a two-headed ogre
 11951 | D:11     | Killed a two-headed ogre
 11953 | D:11     | Found an iron altar of Okawaru.
 12008 | D:11     | Found a staircase to the Lair.
 12013 | D:11     | Found a staircase to the Orcish Mines.
 12539 | D:11     | Noticed dricus's ghost (journeyman GrFi)
 12647 | D:11     | Killed dricus's ghost
 12833 | D:12     | Reached ***** piety under the Shining One
 13153 | D:12     | Reached skill level 13 in Axes
 13261 | D:12     | Noticed Gastronok
 13263 | D:12     | Noticed a boulder beetle
 13282 | D:12     | Killed Gastronok
 13286 | D:12     | Killed a boulder beetle
 13507 | D:12     | Noticed Nessos
 13571 | D:12     | Reached skill level 5 in Evocations
 13696 | D:12     | Killed Nessos
 14238 | D:13     | Noticed a tengu warrior
 14249 | D:13     | Killed a tengu warrior
 14440 | D:13     | Noticed a tengu warrior
 14451 | D:13     | Noticed a centaur warrior
 14455 | D:13     | Killed a tengu warrior
 14465 | D:13     | Killed a centaur warrior
 14469 | D:13     | Reached XP level 13. HP: 49/122 MP: 17/19
 14939 | D:13     | Reached skill level 10 in Invocations
 15296 | D:13     | Reached skill level 14 in Axes
 15725 | D:14     | Found a gate to the Vaults.
 15842 | D:14     | Found Erottaf's General Store.
 15867 | D:14     | Found a flickering gateway to a bazaar.
 15870 | D:14     | HP: 2/123 [meliai/+2 vampiric hand axe (9)]
 15911 | Bazaar   | Entered a bazaar
 15911 | Bazaar   | Found Vuelown's Distillery.
 15911 | Bazaar   | Found Mudwit's Book Boutique.
 16209 | Bazaar   | Found Namoir's Weapon Emporium.
 16224 | Bazaar   | Found Symyic's Armour Shoppe.
 16240 | Bazaar   | Bought a +0 kite shield for 40 gold pieces
 16250 | Bazaar   | Found Hewer's General Store.
 16257 | Bazaar   | Bought a scroll of identify for 24 gold pieces
 16317 | Bazaar   | Bought a potion of heal wounds for 35 gold pieces
 16317 | Bazaar   | Bought a potion of mutation for 56 gold pieces
 16317 | Bazaar   | Bought a potion of mutation for 56 gold pieces
 16317 | Bazaar   | Bought a potion of haste for 70 gold pieces
 16317 | Bazaar   | Bought a potion of cancellation for 56 gold pieces
 16582 | D:14     | Noticed a fire dragon
 16804 | D:14     | Reached skill level 15 in Axes
 17075 | D:14     | Reached XP level 14. HP: 98/133 MP: 21/21
 19104 | D:14     | Noticed Kirke
 19114 | D:14     | Killed Kirke
 19507 | D:14     | Bought a scroll of identify for 26 gold pieces
 19509 | D:14     | Reached skill level 10 in Armour
 19509 | D:14     | Reached XP level 15. HP: 139/139 MP: 23/23
 19818 | Lair:1   | Entered Level 1 of the Lair of Beasts
 21071 | Lair:3   | Reached skill level 15 in Fighting
 23008 | Lair:4   | Identified the ring "Ilysa" {rElec rN+ MP-9 Str+2}
 23083 | Lair:4   | Noticed Amaemon
 23089 | Lair:4   | Killed Amaemon
 23182 | Lair:4   | Reached XP level 16. HP: 96/149 MP: 24/24
 23189 | Lair:4   | Reached skill level 16 in Axes
 23615 | Lair:4   | Found a staircase to the Shoals.
 23836 | Lair:4   | Found a hole to the Spider Nest.
 24323 | Lair:5   | Found a staircase to the Slime Pits.
 24324 | Lair:5   | Found a viscous altar of Jiyva.
 24609 | Lair:5   | Found a runed translucent door.
 25461 | Lair:6   | Entered Level 6 of the Lair of Beasts
 25483 | Lair:6   | Identified the +2 hand axe of Gozag, Freezing {pain, rElec
                  | rPois rF++ Int+3}
 26407 | Lair:6   | Noticed Rupert
 26422 | Lair:6   | Killed Rupert
 26646 | Lair:6   | Reached skill level 10 in Evocations
 26810 | Lair:6   | Reached skill level 17 in Axes
 27169 | Lair:6   | Identified the +8 short sword of Sulphur {antimagic, Will+
                  | Int+4}
 27513 | Orc:1    | Entered Level 1 of the Orcish Mines
 28066 | Orc:2    | Entered Level 2 of the Orcish Mines
 28092 | Orc:2    | Found Poystyig's Antique Armour Emporium.
 28239 | Orc:2    | Found a staircase to the Elven Halls.
 28816 | Orc:2    | Found Luypnam's Magic Scroll Shoppe.
 28827 | Orc:2    | Bought a scroll of teleportation for 45 gold pieces
 28827 | Orc:2    | Bought a scroll of enchant weapon for 112 gold pieces
 28827 | Orc:2    | Bought a scroll of teleportation for 45 gold pieces
 28827 | Orc:2    | Bought a scroll of teleportation for 45 gold pieces
 28827 | Orc:2    | Bought a scroll of brand weapon for 300 gold pieces
 29002 | Orc:2    | Found Giash's General Store.
 29094 | Orc:2    | Bought a scroll of enchant weapon for 105 gold pieces
 29118 | Orc:2    | Noticed Saint Roka
 29143 | Orc:2    | Killed Saint Roka
 29144 | Orc:2    | Reached XP level 17. HP: 64/161 MP: 21/26
 29659 | Orc:2    | Found Rofup's Antique Armour Boutique.
 29662 | Orc:2    | Found Widaghar's Antique Weapon Shop.
 30000 | D:15     | Entered Level 15 of the Dungeon
 30709 | D:14     | Reached skill level 1 in Throwing
 31285 | D:15     | Identified the ring "Fycser" {EV+4 Str+4 Int+4}
 31307 | D:15     | Noticed Roxanne
 31350 | D:15     | Killed Roxanne
 31713 | D:15     | Found a staircase to the Depths.
 31759 | D:15     | Identified the +6 spear "Ekkoetue" {freeze, Drain Will+++
                  | Int+5}
 31878 | D:15     | Acquired a manual of Axes
 32046 | D:15     | Reached skill level 18 in Axes
 32172 | Depths:1 | Entered Level 1 of the Depths
 32962 | Depths:1 | Reached skill level 19 in Axes
 32972 | Depths:1 | Paralysed by a vampire knight for 4 turns
 33959 | Depths:1 | Reached skill level 20 in Axes
 33964 | Depths:1 | Gained mutation: Your magical capacity is low. (-10% MP) [a
                  | cacodemon]
 33972 | Depths:1 | Gained mutation: Your body sometimes deteriorates upon
                  | taking damage. [a neqoxec]
 33974 | Depths:1 | Gained mutation: Armour fits poorly on your strangely
                  | shaped body. [a neqoxec]
 33974 | Depths:1 | Gained mutation: You do not regenerate when monsters are
                  | visible. [a cacodemon]
 33981 | Depths:1 | Gained mutation: You are weak. (Str -2) [a cacodemon]
 33981 | Depths:1 | The Shining One protects you from harm!
 33982 | Depths:1 | Succumbed to a green very ugly thing's poison

Illustrated notes

Levels and vault maps discovered:
D:1:      dpeg_arrival_radiant, layout_loops_ring,
          ebering_ecumenical_altar_mist, bh_walls_and_bars
D:2:      layout_loops_cross, grunt_ministairs_5, uniq_crazy_yiuf_cottage
D:3:      layout_basic, grunt_temple_overflow_magic_moments, serial_curves,
          eino_curves_02, eino_curves_01, eino_curves_01
D:4:      layout_layer_cave, chequers_serial_rivers_micro_b
D:5:      layout_basic, dancing_weapons_uskayaw
D:6:      layout_cave_pools, minitemple, gammafunk_ghost_cemetery, minivault_4,
          hex_tiny, minmay_misc_feat_alley, st_stairs_12
D:7:      layout_basic, minmay_temple_entry_slanted, minmay_three_doors
D:8:      layout_basic, nicolae_ossuary_entry_ruins, serial_shops,
          nicolae_shop_stone, dreamdust_mushroom_princess,
          corexii_hall_statues_u, kennysheep_generic_room_14, uniq_psyche
D:9:      nzn_winding_woodlands_three_and_one
          [nzn_winding_woodlands_5x15_crooked, nzn_winding_woodlands_5x15_twine,
          nzn_winding_woodlands_5x15_parted,
          nzn_winding_woodlands_center_pierced_h], layout_rooms,
          kennysheep_generic_room_16
D:10:     wander_river, layout_basic, enter_bailey_5, hellmonk_scale_shop
D:11:     layout_stronghold, erik_lair_island, orc_0_dummy,
          ebering_ghost_reflecting_pool, enter_trove_2, okawaru_trees_2
D:12:     layout_irregular_city, skrybe_limestone_x, lemuel_flamethrower_3,
          uniq_nessos, uniq_gastronok
D:13:     layout_basic, st_stairs_14, grunt_ministairs_6
D:14:     minmay_the_grid_square_5x5_4x4_mashed [minmay_the_grid_square_5x5_z,
          minmay_the_grid_square_5x5_minimal, minmay_the_grid_square_5x5_c,
          minmay_the_grid_square_5x5_checkered_statues,
          minmay_the_grid_square_5x5_seven,
          minmay_the_grid_square_5x5_prize_gold,
          minmay_the_grid_square_5x5_prize_deathbox,
          minmay_the_grid_square_5x5_two, minmay_the_grid_square_5x5_inner_v,
          minmay_the_grid_square_5x5_prize_junk,
          minmay_the_grid_square_5x5_prize_pseudospiral,
          minmay_the_grid_square_5x5_bite,
          minmay_the_grid_square_5x5_doubleslash,
          minmay_the_grid_square_5x5_fat_x,
          minmay_the_grid_square_5x5_bracketed,
          minmay_the_grid_square_5x5_one_wall], layout_basic, david_vaults_3,
          serial_shops, bzr_entry_islet, nicolae_shop_hallway_stairs,
          serial_ice, serial_ice_h, serial_ice_c, serial_ice_m, serial_ice_a,
          serial_ice_e, serial_ice_j, uniq_kirke
D:15:     hangedman_depths_entry_civil_slaughter, layout_small_grid,
          uniq_roxanne
Temple:   minmay_temple_curvy_loop
Lair:1:   layout_chaotic_city, wad_woods_06
Lair:2:   layout_gridlike, special_room [special_room_bee], serial_forest,
          infiniplex_forest_straight_4, infiniplex_forest_lined_room_,
          infiniplex_forest_end_double, infiniplex_forest_clump_small,
          infiniplex_forest_diagonal, infiniplex_forest_clump_curved,
          infiniplex_forest_straight_2, infiniplex_forest_lined_room_3,
          infiniplex_forest_end_3, serial_bayou_shore_b
Lair:3:   layout_regular_city
Lair:4:   layout_roguey, minmay_shoals_entry_beasts,
          nicolae_spider_entry_orb_guardian, special_room
          [special_room_mythical_zoo], st_stairs_10, uniq_amaemon
Lair:5:   dreamdust_labyrinth, layout_hall_layers, slime_altar_1, special_room
          [special_room_mythical_zoo], beast_lair_carwin_1
Lair:6:   minmay_lair_end_enchanted_forest, layout_gridlike, serial_bayou,
          serial_bayou_ford_a, serial_bayou_lagoon_b, serial_bayou_lagoon_a,
          serial_bayou_pond_a, nicolae_quartered_pool_super,
          dreamdust_gnoll_shepherd, serial_bayou_shore_b, uniq_rupert
Orc:1:    layout_caves, minmay_orc_keep
Orc:2:    grunt_orc_community_town_hall, layout_diamond_mine,
          grunt_orc_community_big_house_1, grunt_orc_community_big_house_2,
          grunt_orc_community_house_2, grunt_orc_community_house_2,
          grunt_orc_community_house_1, grunt_orc_community_house_3,
          grunt_orc_community_house_1, serial_shops, nicolae_shop_trees
Depths:1: layout_basic, grunt_hell_entry_demonic_statue, nicolae_rare_books,
          onia_ninara_cookie

Skill      XL: |  1  2  3  4  5  6  7  8  9 10 11 12 13 14 15 16 17 |
---------------+----------------------------------------------------+-----
Axes           | 3 4 5 6 8 10 11 12 13 15 17 20 | 20.6
Dodging        | 1 2 5 6 8 |  8.6
Fighting       | 4 5 7 9 10 11 13 14 15 17 | 17.4
Armour         | 4 5 6 8 9 10 | 10.8
Invocations    | 4 6 8 9 11 12 13 14 | 14.7
Shields        | 4 6 7 9 |  9.9
Evocations     | 3 5 7 8 10 | 10.1
Throwing       | 2 |  2.1

Action                   |  1- 3 |  4- 6 |  7- 9 | 10-12 | 13-15 | 16-18 || total
-------------------------+-------+-------+-------+-------+-------+-------++-------
Melee: War axe           |    47 |   166 |   213 |   207 |       |       ||   633
       Headbutt          |     8 |    24 |    31 |   109 |   235 |   235 ||   642
       Broad axe         |       |       |       |   193 |   602 |   780 ||  1575
       Flail             |       |       |       |    15 |    27 |     8 ||    50
Invok: Divine Shield     |       |       |       |     7 |     6 |     7 ||    20
       Cleansing Flame   |       |       |       |     1 |     8 |     8 ||    17
       Summon Divine War |       |       |       |       |       |     1 ||     1
Evoke: Wand              |       |       |     1 |     7 |    28 |       ||    36
  Use: Scroll            |     3 |     6 |     9 |     9 |    10 |     6 ||    43
       Potion            |       |       |     2 |     4 |    10 |     9 ||    25
Armor: Scale mail        |    14 |    38 |       |       |       |       ||    52
       Ring mail         |       |    50 |    62 |       |       |       ||   112
       Plate armour      |       |       |    15 |   250 |   327 |   356 ||   948
Dodge: Dodged            |    23 |    77 |    71 |   226 |   352 |   423 ||  1172
Block: Buckler           |    10 |    38 |    26 |   158 |    60 |       ||   292
       Kite shield       |       |       |       |       |   296 |   500 ||   796

Table legend: (Time is in decaauts)
 A = Elapsed time spent in this place.
 B = Non-inter-level travel time spent in this place.
 C = Inter-level travel time spent in this place.
 D = Time resting spent in this place.
 E = Time spent auto-exploring this place.
 F = Levels seen in this place.
 G = Mean time per level.
                   A        B        C        D        E       F      G
               +--------+--------+--------+--------+--------+-----+--------+
         Total |  34039 |  32935 |   1104 |   7757 |  20021 |  28 | 1215.7 |
       Dungeon |  21164 |  20517 |    647 |   5903 |  11673 |  15 | 1410.9 |
        Temple |    260 |    197 |     63 |      0 |    190 |   1 |  260.0 |
          Lair |   7656 |   7372 |    284 |    431 |   5617 |   6 | 1276.0 |
  Orcish Mines |   2337 |   2229 |    108 |    338 |   1500 |   2 | 1168.5 |
        Depths |   1519 |   1519 |      0 |    673 |    684 |   1 | 1519.0 |
        Bazaar |    415 |    415 |      0 |    262 |    100 |   1 |  415.0 |
       Ossuary |    281 |    281 |      0 |     33 |     92 |   1 |  281.0 |
        Bailey |    403 |    403 |      0 |    115 |    164 |   1 |  403.0 |
               +--------+--------+--------+--------+--------+-----+--------+

Top non-repeatable levels by time:
    D:14: 4250 daAuts
  Lair:6: 1945 daAuts
    D:15: 1783 daAuts
    D:13: 1671 daAuts
Depths:1: 1519 daAuts
     D:4: 1458 daAuts
    D:12: 1441 daAuts
     D:5: 1377 daAuts
  Lair:5: 1291 daAuts
  Lair:4: 1277 daAuts
     D:9: 1265 daAuts
    D:11: 1244 daAuts
   Orc:1: 1239 daAuts
  Lair:3: 1237 daAuts
     D:2: 1220 daAuts
